Map: Abiogénesis EE

Players

Thel

  • Race: Zerg Zerg
  • League: Diamond
  • Spawn Location: 11:00

WinOver - Winner!

  • Race: Zerg Zerg
  • League: Diamond
  • Spawn Location: 5:00

VOD

Have the link to the VOD?

Description

WinOver

Diamond 1 LA 14 years old

Time

  • Played on: Feb. 23, 2018, 7:21 p.m.
  • Length: 7:51
Show
View Real Time Build Order
Export as new Build Order

Thel Zerg 

Build Orders: Pool First 

Get SALT Encoding   

  12  0:01  Drone  
  13  0:12  Overlord  
  13  0:19  Drone  
  14  0:30  Drone  
  14  0:31  Drone  
  14  0:34  Drone  
  17  0:45  Spawning Pool  
  17  0:48  Drone  
  17  1:08  Hatchery  
  16  1:13  Drone  
  17  1:21  Extractor  
  17  1:22  Drone x2  
  18  1:30  Drone  
  19  1:33  Queen  
  19  1:39  Zergling x2  
  22  1:54  Overlord  
  22  2:12  Overlord, Queen  
  24  2:20  Queen  
  24  2:21  Zergling x4  
  28  2:27  Drone  
  28  2:34  Drone x2  
  30  2:40  Drone  
  30  2:43  Metabolic Boost  
  31  2:44  Drone x2  
  31  2:48  Drone  
  34  2:55  Drone x2  
  34  2:56  Drone  
  37  3:07  Baneling Nest  
  37  3:09  Drone x2  
  38  3:16  Drone  
  39  3:22  Drone x3  
  42  3:36  Hatchery  
  42  3:37  Zergling x2  
  42  3:38  Zergling x4  
  42  3:41  Overlord  
  44  3:50  Baneling x4  
  44  3:55  Lair  
  44  3:58  Overlord x2  
  44  3:59  Overlord  
  44  4:01  Drone  
  45  4:04  Drone  
  45  4:05  Drone  
  47  4:21  Drone x6  
  47  4:23  Extractor x2  
  51  4:26  Drone  
  51  4:29  Extractor  
  51  4:32  Zergling x2  
  52  4:45  Drone x2  
  52  5:12  Drone x3  
  55  5:17  Zergling x2  
  55  5:18  Zergling x8  
  55  5:19  Overseer  
  60  5:27  Spire  
  56  5:59  Drone x10  
  66  6:10  Extractor  
  65  6:14  Extractor  
  56  6:37  Spine Crawler  
  56  6:39  Mutalisk x9  
  66  6:53  Mutalisk  
  51  7:18  Zergling x8  
  51  7:19  Zergling x20  
Show
View Real Time Build Order
Export as new Build Order

WinOver Zerg - Winner!

Build Orders: Pool First 

Get SALT Encoding   

  12  0:01  Drone  
  13  0:13  Overlord  
  13  0:17  Drone  
  14  0:31  Drone x2  
  14  0:35  Drone  
  17  0:46  Spawning Pool  
  17  0:49  Drone  
  17  0:58  Drone  
  18  1:14  Hatchery  
  18  1:17  Extractor  
  16  1:19  Drone  
  16  1:22  Drone  
  18  1:28  Drone  
  19  1:37  Queen  
  19  1:39  Zergling x2  
  22  1:50  Overlord  
  22  2:03  Baneling Nest  
  22  2:04  Drone  
  22  2:13  Queen  
  24  2:17  Drone  
  25  2:26  Drone x2  
  25  2:29  Queen  
  26  2:33  Drone  
  29  2:37  Drone  
  30  2:44  Spine Crawler  
  29  2:54  Overlord  
  29  3:02  Roach Warren  
  29  3:04  Extractor  
  27  3:15  Drone x3  
  27  3:16  Drone  
  27  3:17  Evolution Chamber  
  27  3:18  Drone  
  31  3:23  Drone  
  31  3:24  Drone  
  33  3:32  Drone x2  
  35  3:44  Spine Crawler  
  35  3:46  Zerg Missile Weapons Level 1  
  35  3:47  Drone  
  35  3:56  Overlord  
  35  3:57  Overlord  
  35  4:16  Zergling x2  
  36  4:17  Zergling x10  
  41  4:25  Zergling x2  
  42  4:40  Roach x3  
  42  4:45  Roach  
  50  4:56  Overlord x2  
  50  5:02  Overlord  
  50  5:18  Baneling  
  50  5:21  Roach x8  
  66  5:32  Overlord  
  66  5:40  Roach x3  
  67  5:43  Overlord  
  67  5:44  Overlord  
  65  5:52  Roach x4  
  65  5:55  Roach  
  75  5:58  Overlord  
  75  6:08  Overlord  
  77  6:11  Roach x2  
  77  6:15  Overlord  
  77  6:17  Drone  
  80  6:23  Roach  
  82  6:35  Roach x3  
  82  6:36  Roach  
  90  6:41  Extractor  
  89  6:59  Roach x2  
  89  7:00  Roach x3  
  95  7:19  Spore Crawler  
  95  7:22  Spore Crawler  
  91  7:23  Spore Crawler x3  
  91  7:25  Spore Crawler  
Tags
 
Add a new tag
Caveats
  • Supply blocks, unpowered buildings, or Contaminate may cause inaccurate times.
  • Supply counts are checked every 10 seconds.